 Dungeon Crawl Stone Soup version 0.30-a0-6-g7c9e10e132 (webtiles) character file.

Game seed: 2365228763217058106

1722 Setbun the Basher (level 8, -2/64 HPs)
             Began as a Minotaur Fighter on Aug 22, 2022.
             Killed from afar by Grinder (16 damage)
             ... with a bolt of light
             ... on level 6 of the Dungeon.
             The game lasted 00:05:20 (5729 turns).

Setbun the Basher (Minotaur Fighter)                Turns: 5729, Time: 00:05:21

Health: -2/64      AC: 16    Str: 23    XL:     8   Next: 75%
Magic:  7/7        EV: 10    Int:  5    God:
Gold:   306        SH:  0    Dex: 10    Spells: 7/7 levels left

rFire   . . .      SeeInvis .    A - +2 morningstar (protect)
rCold   . . .      Faith    .    c - +0 buckler
rNeg    . . .      Spirit   .    k - +4 ring mail
rPois   .          Reflect  .    (helmet restricted)
rElec   .          Harm     .    (no cloak)
rCorr   .          Rampage  .    (no gloves)
Will    .....                    (no boots)
Stlth   ..........               (no amulet)
HPRegen 0.20/turn                (no ring)
MPRegen 0.10/turn                (no ring)

@: confused, mighty, under a protective aura
A: horns 2, retaliatory headbutt
a: no special abilities


You were on level 6 of the Dungeon.
You visited 1 branch of the dungeon, and saw 6 of its levels.

You collected 306 gold pieces.

Inventory:

Hand Weapons
 i - a +0 flail
 u - a +2 flail of draining
 A - a +2 morningstar of protection (weapon)
Missiles
 G - a throwing net (quivered)
Armour
 b - a +0 scale mail
 c - a +0 buckler (worn)
 k - a +4 ring mail (worn)
Jewellery
 y - a ring of wizardry
Wands
 o - a wand of charming (8)
 q - a wand of polymorph (5)
Scrolls
 e - a scroll of enchant armour {unknown}
 g - 3 scrolls of poison {unknown}
 j - 2 scrolls of amnesia {unknown}
 l - 5 scrolls of magic mapping {unknown}
 m - 3 scrolls of immolation {unknown}
 p - 2 scrolls of torment {unknown}
 r - a scroll of butterflies {unknown}
 s - a scroll of vulnerability {unknown}
 v - a scroll of enchant weapon {unknown}
 w - 2 scrolls of teleportation {unknown}
 x - a scroll of blinking {unknown}
 B - a scroll of noise {unknown}
 C - 3 scrolls of identify {unknown}
 D - a scroll of silence {unknown}
 E - a scroll of fear {unknown}
Potions
 a - a potion of cancellation {unknown}
 d - a potion of might
 f - 4 potions of curing
 h - a potion of lignification {unknown}
 n - 4 potions of haste {unknown}
 t - a potion of heal wounds {unknown}
 z - a potion of attraction {unknown}
 F - a potion of ambrosia {unknown}


   Skills:
 - Level 3.6 Fighting
 + Level 13.4 Maces & Flails
 - Level 3.6 Armour
 - Level 3.6 Shields


You had 7 spell levels left.
You didn't know any spells.
Your spell library was empty.

Dungeon Overview and Level Annotations

Branches:
Dungeon (6/15)
 Temple: D:4-7

Altars:
Dithmenos
Fedhas
Qazlal
Sif Muna
Uskayaw
Vehumet
Wu Jian
Yredelemnul
The Shining One

Annotations:
D:6 Grinder


Innate Abilities, Weirdness & Mutations

You have a pair of horns on your head.
You reflexively headbutt those who attack you in melee.


Message History

The centaur shoots an arrow.
The arrow closely misses you.
Found a scroll labelled CIHESI HIMOIRI.
The centaur shoots an arrow.
The arrow hits you!
The centaur unwields a +0 shortbow.
You block the centaur's attack. The centaur barely misses you.
The centaur hits you. You block the centaur's attack.
You sock the centaur!
Your weapon exudes an aura of protection.
The centaur is moderately wounded.
The centaur hits you but does no damage.
You block the centaur's attack.
Grinder comes into view.
She is carrying a wand of light (8).
You hit the centaur.
The centaur is heavily wounded.
The centaur hits you. You block the centaur's attack.
There are monsters nearby!
There are monsters nearby!
You closely miss the centaur.
The centaur is heavily wounded.
The centaur hits you. The centaur barely misses you. Grinder gestures at you.
Pain shoots through your body! The phantom closely misses you.
The centaur hits you but does no damage.
The centaur kicks you but does no damage.
You are too injured to fight recklessly!
The phantom attacks as you move away!
The phantom hits you but does no damage.
Grinder zaps a wand.
The bolt of light hits you!
You are confused.
The centaur wields a +0 shortbow.
The centaur shoots an arrow.
The arrow hits you!
* * * LOW HITPOINT WARNING * * *
You feel very mighty all of a sudden.
The centaur shoots an arrow.
The arrow completely misses you.
Grinder zaps a wand.
The bolt of light misses you. The phantom closely misses you.
You sock the phantom!
The phantom is heavily damaged.
Grinder zaps a wand.
The bolt of light hits you!
You die...

#..?.... ###......
#..$....# #.......#
#.......# #.......#
#.......#5###
#######...Wc.......
###.........@...#####
....................
#.............####
#.......#######
#...†...# ###.#####
#.# # ###### #.# ...
#....###.###....


You could see Grinder, a phantom and a centaur.

Vanquished Creatures
  Sigmund (D:3)
  Eustachio (D:5)
  An ice beast (D:5)
  3 centaurs (D:6)
  A phantom (D:5)
  4 scorpions
  A water moccasin zombie (D:4)
  3 wights (D:6)
  3 orc priests (D:4)
  2 hounds
  Jessica (D:3)
  Ijyb (D:4)
  2 iguanas
  3 orc wizards (D:4)
  Terence (D:3)
  A hound zombie (D:4)
  Robin (D:3)
  12 adders
  A white imp (D:6)
  2 worms (D:3)
  2 dart slugs (D:4)
  6 orcs
  4 endoplasms
  3 giant cockroaches
  12 goblins
  5 hobgoblins
  11 kobolds
  4 quokkas
  4 ball pythons
  5 bats
  5 frilled lizards
  4 rats
110 creatures vanquished.

Notes
Turn   | Place    | Note
-------+----------+-------------------------------------------
     0 | D:1      | Setbun the Minotaur Fighter began the quest for the Orb.
     0 | D:1      | Reached XP level 1. HP: 19/19 MP: 0/0
   298 | D:1      | Reached skill level 3 in Maces & Flails
   510 | D:1      | Reached XP level 2. HP: 26/26 MP: 1/1
  1080 | D:2      | Reached skill level 4 in Maces & Flails
  1104 | D:2      | Reached XP level 3. HP: 31/31 MP: 2/2
  1487 | D:2      | Found a faded altar of an unknown god.
  1640 | D:2      | Reached skill level 5 in Maces & Flails
  1826 | D:3      | Noticed Robin
  1849 | D:3      | Killed Robin
  1850 | D:3      | Reached XP level 4. HP: 27/39 MP: 3/3
  2012 | D:3      | Found a hide-covered altar of Uskayaw.
  2062 | D:3      | Noticed Terence
  2071 | D:3      | Killed Terence
  2072 | D:3      | Reached skill level 6 in Maces & Flails
  2184 | D:3      | Reached XP level 5. HP: 40/45 MP: 4/4
  2234 | D:3      | Noticed Jessica
  2240 | D:3      | Killed Jessica
  2348 | D:3      | Noticed Sigmund
  2374 | D:3      | Killed Sigmund
  2375 | D:3      | Reached skill level 8 in Maces & Flails
  2375 | D:3      | Reached XP level 6. HP: 22/51 MP: 5/5
  2948 | D:4      | Found a shadowy altar of Dithmenos.
  3041 | D:4      | Found a basalt altar of Yredelemnul.
  3151 | D:4      | Reached skill level 9 in Maces & Flails
  3298 | D:4      | Found a radiant altar of Vehumet.
  3298 | D:4      | Found an ornate altar of the Wu Jian Council.
  3299 | D:4      | Found a stormy altar of Qazlal.
  3325 | D:4      | Noticed Ijyb
  3355 | D:4      | Killed Ijyb
  3411 | D:4      | Reached XP level 7. HP: 57/57 MP: 6/6
  3745 | D:4      | Found a blossoming altar of Fedhas.
  3944 | D:4      | Found a shimmering blue altar of Sif Muna.
  3965 | D:4      | Reached skill level 10 in Maces & Flails
  4084 | D:5      | Entered Level 5 of the Dungeon
  4557 | D:5      | Reached skill level 11 in Maces & Flails
  4927 | D:5      | Found a glowing golden altar of the Shining One.
  5133 | D:6      | Noticed Eustachio
  5136 | D:6      | Reached XP level 8. HP: 61/64 MP: 7/7
  5202 | D:5      | Killed Eustachio
  5203 | D:5      | Reached skill level 12 in Maces & Flails
  5536 | D:6      | Reached skill level 13 in Maces & Flails
  5724 | D:6      | Noticed Grinder
  5729 | D:6      | Killed from afar by Grinder

Illustrated notes

Levels and vault maps discovered:
D:1:      zelgadis_glass_arrival_small, layout_basic, minmay_misc_feat_pillars,
          minmay_tetromino_t2
D:2:      layout_basic, shapermc_ecumenical_altar_mp_vishouse,
          kennysheep_generic_room_14
D:3:      layout_basic, eat_drink_and_be_merry_uskayaw, uniq_sigmund,
          uniq_robin, uniq_terence, uniq_jessica
D:4:      layout_loops_ring, lemuel_zombie_altar_yredelemnul,
          kennysheep_orc_sif_temple, grunt_dithmenos_smoke,
          nicolae_overflow_quartered_altars, uniq_ijyb
D:5:      nicolae_BIG_FREAKIN_CUBE, layout_loops_corners, marbit_many_paths,
          minmay_parallelograms, nicolae_figureground_pulse
D:6:      layout_basic, kennysheep_mini_moat,
          minmay_temple_entry_gardened_gates, uniq_eustachio, uniq_grinder

Skill      XL: |  1  2  3  4  5  6  7  8 |
---------------+-------------------------+-----
Maces & Flails | 3 4 5 6 8 9 11 13 | 13.4
Fighting       | |  3.6
Armour         | |  3.6
Shields        | |  3.6

Action                   |  1- 3 |  4- 6 |  7- 9 || total
-------------------------+-------+-------+-------++-------
Melee: Flail             |    79 |   105 |    12 ||   196
       Headbutt          |    11 |    12 |    23 ||    46
       Morningstar       |       |       |   104 ||   104
  Use: Potion            |       |       |     1 ||     1
Armor: Scale mail        |    12 |       |       ||    12
       Ring mail         |    21 |    57 |    65 ||   143
Dodge: Dodged            |    22 |    38 |    50 ||   110
Block: Buckler           |    12 |    15 |    30 ||    57

Table legend: (Time is in decaauts)
 A = Elapsed time spent in this place.
 B = Non-inter-level travel time spent in this place.
 C = Inter-level travel time spent in this place.
 D = Time resting spent in this place.
 E = Time spent auto-exploring this place.
 F = Levels seen in this place.
 G = Mean time per level.
                   A        B        C        D        E       F      G
               +--------+--------+--------+--------+--------+-----+--------+
         Total |   5762 |   5632 |    130 |    182 |   4700 |   6 |  960.3 |
       Dungeon |   5762 |   5632 |    130 |    182 |   4700 |   6 |  960.3 |
               +--------+--------+--------+--------+--------+-----+--------+

Top non-repeatable levels by time:
     D:5: 1250 daAuts
     D:4: 1248 daAuts
     D:3: 1044 daAuts
     D:1: 943 daAuts
     D:2: 882 daAuts
     D:6: 393 daAuts
